 Dungeon Crawl Stone Soup version 0.32-a0-120-gfac0567ad4 (webtiles) character file.

Game seed: 2440517321265992901

4 Bravepunisher the Ducker (level 1, -9/11 HPs)
             Began as a Spriggan Monk on Feb 6, 2024.
             Killed by divine providence
             ... invoked by an orc priest
              (16 damage)
             ... on level 4 of the Dungeon.
             The game lasted 00:01:12 (162 turns).

Bravepunisher the Ducker (Spriggan Monk)             Turns: 162, Time: 00:01:13

Health: -9/11      AC:  2    Str:  7    XL:     1   Next: 50%
Magic:  2/2        EV: 19    Int: 11    God:
Gold:   10         SH:  0    Dex: 17    Spells: 0/0 levels left

rFire   . . .        a - +0 short sword
rCold   . . .        (no shield)
rNeg    . . .        b - +0 robe
rPois   .            (helmet restricted)
rElec   .            (no cloak)
rCorr   .            (gloves unavailable)
SInv    +            (boots unavailable)
Will    .....        (no amulet)
Stlth   ++           (no ring)
HPRegen 0.21/turn    (no ring)
MPRegen 0.08/turn

%: no passive effects
@: very quick
A: very small, no large weapons, unfitting armour, see invisible, speed 3
a: no special abilities


You were on level 4 of the Dungeon.
You visited 1 branch of the dungeon, and saw 4 of its levels.

You collected 10 gold pieces.

Inventory:

Hand Weapons
 a - a +0 short sword (weapon)
Armour
 b - a +0 robe (worn)
Potions
 c - a potion of ambrosia


   Skills:
 + Level 2.5 Fighting
 - Level 3.2 Short Blades
 * Level 4.2 Dodging


You couldn't memorise any spells.
You didn't know any spells.
Your spell library was empty.

Dungeon Overview and Level Annotations

Branches:
Dungeon (4/15)
 Temple: D:4-7

Altars:


Innate Abilities, Weirdness & Mutations

You are very small and have problems with some larger weapons.
You are too small for most types of armour.
You have supernaturally acute eyesight. (SInv)
You cover ground extremely quickly. (Speed+++)


Message History

The kobold completely misses you.
You closely miss the kobold. The kobold misses you.
You closely miss the kobold. You closely miss the kobold.
The kobold misses you.
You hit the kobold.
The kobold is severely wounded.
The kobold barely misses you.
You closely miss the kobold.
The kobold is severely wounded.
The kobold hits you but does no damage.
You closely miss the kobold.
The kobold is severely wounded.
The kobold hits you with a +0 whip.
You hit the kobold.
You kill the kobold!
You see here a +0 whip.
HP restored.
You now have 10 gold pieces.
A ball python comes into view.
An orc comes into view. It is wielding a +0 hand axe.
The orc shouts!
A ball python comes into view.
A hobgoblin comes into view.
Found a scroll labelled ELIFUM ZUWO. 2 orcs come into view.
The orc shouts!
You hear a shout!
The orc shouts!
The orc hits you with a +0 hand axe.
An orc priest comes into view. It is wielding a +0 dagger.
The hobgoblin shouts!
You hear an angry hiss.
An orc comes into view. It is wielding a +0 flail.
The orc shouts!
The ball python barely misses you. The ball python completely misses you.
The orc priest looks braver for a moment.
The ball python misses you. The ball python closely misses you.
An adder comes into view.
Found 14 gold pieces.
The orc completely misses you.
The orc priest calls down the wrath of Beogh upon you.
Beogh smites you!
Ouch! That really hurt!
You die...

.........###
###....
#######....###
#####
###........##
##...........###
#..............#
##....oS.........
#....go..........
#.....o..........
#.....oo..@....?..
#.................
#......S.^.....$..
#......S..........
##................
##...............
##..............
##.............


You could see an orc priest, an adder (wandering), 4 orcs, a hobgoblin and 2
ball pythons.

Vanquished Creatures
  An endoplasm (D:1)
  A kobold (D:4)
  2 frilled lizards
4 creatures vanquished.

Notes
Turn   | Place    | Note
-------+----------+-------------------------------------------
     0 | D:1      | Bravepunisher the Spriggan Monk began the quest for the
                  | Orb.
     0 | D:1      | Reached XP level 1. HP: 11/11 MP: 2/2
   156 | D:4      | Noticed an orc priest
   162 | D:4      | Killed from afar by an orc priest

Illustrated notes

Levels and vault maps discovered:
D:1:      eino_arrival_tree_alley, layout_basic, minivault_25
D:2:      layout_loops_cross
D:3:      layout_rooms, mainiacjoe_overflow_six_doors_small
D:4:      layout_cave_pods, dreamdust_princess_corridor

Action                     || total
---------------------------++-------
  Melee: Short sword       ||    11
   Stab: Sleeping          ||     2
 Armour: Robe              ||     6
  Dodge: Dodged            ||    19

Table legend: (Time is in decaauts)
 A = Elapsed time spent in this place.
 B = Non-inter-level travel time spent in this place.
 C = Inter-level travel time spent in this place.
 D = Time resting spent in this place.
 E = Time spent auto-exploring this place.
 F = Levels seen in this place.
 G = Mean time per level.
                   A        B        C        D        E       F      G
               +--------+--------+--------+--------+--------+-----+--------+
         Total |    108 |    108 |      0 |      0 |     24 |   4 |   27.0 |
       Dungeon |    108 |    108 |      0 |      0 |     24 |   4 |   27.0 |
               +--------+--------+--------+--------+--------+-----+--------+

Top non-repeatable levels by time:
     D:4: 44 daAuts
     D:3: 35 daAuts
     D:1: 23 daAuts
     D:2: 4 daAuts
